[Event "Late-Titled-Tuesday-Blitz-June-18-2024"]
[Site "Chess.com"]
[Date "2024.06.18"]
[Round "4"]
[White "soloderisas"]
[Black "Kombinator01"]
[Result "1-0"]
[WhiteElo "2654"]
[BlackElo "2443"]
[TimeControl "180+1"]
[EndTime "14:37:14 PDT"]
[Termination "soloderisas won by resignation"]

1. d4 d5 2. Nf3 Nf6 3. Bf4 c5 4. e3 Nc6 5. c3 Qb6 6. Na3 Nh5 7. dxc5 Qxc5 8. Nb5 Nxf4 9. Nc7+ Kd8 10. Nxa8 Ne6 11. e4 d4 12. Rc1 Qa5 13. Bc4 Qb6 1-0

[Event "Late-Titled-Tuesday-Blitz-June-18-2024"]
[Site "Chess.com"]
[Date "2024.06.18"]
[Round "4"]
[White "szefru"]
[Black "crazycheesecake"]
[Result "1-0"]
[WhiteElo "2330"]
[BlackElo "2122"]
[TimeControl "180+1"]
[EndTime "14:37:26 PDT"]
[Termination "szefru won by checkmate"]

1. e4 c5 2. Nf3 d6 3. d4 cxd4 4. Qxd4 Nc6 5. Bb5 Bd7 6. Qd3 a6 7. Bxc6 Bxc6 8. c4 Nf6 9. Nc3 e6 10. O-O Be7 11. b3 O-O 12. Bb2 Qc7 13. Rad1 Rfd8 14. Ne2 Rac8 15. Ng3 d5 16. cxd5 exd5 17. e5 Nd7 18. Nf5 Bf8 19. Ng5 h6 20. Nxh6+ gxh6 21. Qh7# 1-0

[Event "Late-Titled-Tuesday-Blitz-June-18-2024"]
[Site "Chess.com"]
[Date "2024.06.18"]
[Round "4"]
[White "ALRS-SPS"]
[Black "Skillcam"]
[Result "1-0"]
[WhiteElo "2429"]
[BlackElo "2570"]
[TimeControl "180+1"]
[EndTime "14:37:27 PDT"]
[Termination "ALRS-SPS won by resignation"]

1. e4 g6 2. Nf3 Bg7 3. d4 c6 4. c4 d5 5. cxd5 cxd5 6. e5 Nc6 7.
Nc3 f6 8. exf6 Nxf6 9. Bb5 O-O 10. O-O Bg4 11. Be2 Ne4 12. Be3 Kh8 13. Qb3 Nxc3 14. bxc3 Qd7 15. Rab1 b6 16. Rfd1 Rac8 17. Qa4 Qc7 18.
h3 Bd7 19. Qa3 Bf5 20. Rbc1 Na5 21. Ne5 Bxe5 22. dxe5 Qxe5 23. Bd4 1-0

[Event "Late-Titled-Tuesday-Blitz-June-18-2024"]
[Site "Chess.com"]
[Date "2024.06.18"]
[Round "4"]
[White "YouShallNotPass001"]
[Black "Juandiv_Chessmood"]
[Result "1-0"]
[WhiteElo "2437"]
[BlackElo "1455"]
[TimeControl "180+1"]
[EndTime "14:37:33 PDT"]
[Termination "YouShallNotPass001 won by resignation"]

1. Nf3 c5 2. e3 g6 3. d4 Bg7 4. dxc5 Nf6 5. c3 Ne4 6. Qd5 Nf6 7. Qd1 Ne4 8. Qd5 Nf6 9. Qc4 Qc7 10. Be2 d6 11. cxd6 Qxc4 12. Bxc4 exd6 13. O-O O-O 14. Na3 d5 15. Be2 Nc6 16. Rd1 Be6 17. Nb5 a6 18. Nc7 1-0

[Event "Late-Titled-Tuesday-Blitz-June-18-2024"]
[Site "Chess.com"]
[Date "2024.06.18"]
[Round "4"]
[White "Mysterio47"]
[Black "IMJonathanCarlstedt"]
[Result "1-0"]
[WhiteElo "2844"]
[BlackElo "2600"]
[TimeControl "180+1"]
[EndTime "14:38:07 PDT"]
[Termination "Mysterio47 won by resignation"]

1. e4 g6 2. d4 Bg7 3. Nc3 d6 4. Be3 a6 5. g4 b5 6. h4 Bb7 7. Bg2 Nf6 8. g5 Nh5 9. Bf3 b4 10. Nce2 Nd7 11. Bxh5 gxh5 12. Ng3 c5 13. Nxh5 Bxd4 14. Bxd4 cxd4 15. Qxd4 Rg8 16. Ne2 Ne5 17. O-O-O Qa5 18. Kb1 Rc8 19. b3 Qc5 20. f4 Nf3 21. Qxc5 Rxc5 22. Nhg3 a5 23. Rd3 f5 24. Rxf3 fxe4 25. Re3 d5 26. Nd4 Rf8 27. Ne6 1-0

[Event "Late-Titled-Tuesday-Blitz-June-18-2024"]
[Site "Chess.com"]
[Date "2024.06.18"]
[Round "4"]
[White "Oleg_Papayan"]
[Black "familijatop71"]
[Result "1-0"]
[WhiteElo "2540"]
[BlackElo "2298"]
[TimeControl "180+1"]
[EndTime "14:38:35 PDT"]
[Termination "Oleg_Papayan won by checkmate"]

1. d4 d5 2. Nc3 Nf6 3. Bf4 c5 4. e4 Nxe4 5. Nxe4 dxe4 6. dxc5 Qa5+ 7. c3 Qxc5 8. Qa4+ Nc6 9. Qxe4 g6 10. Nf3 Bg7 11. Rd1 O-O 12. Be3 Qa5 13. Bc4 Bf5 14. Qh4 Rad8 15. O-O a6 16. Rxd8 Rxd8 17. Ng5 Ne5 18. Qxh7+ Kf8 19. Bb3 Bd3 20. Re1 Bf6 21.
Bxf7 Bxg5 22. Qg8# 1-0

[Event "Late-Titled-Tuesday-Blitz-June-18-2024"]
[Site "Chess.com"]
[Date "2024.06.18"]
[Round "4"]
[White "enriquebutti"]
[Black "Colombiano07"]
[Result "1-0"]
[WhiteElo "2102"]
[BlackElo "2307"]
[TimeControl "180+1"]
[EndTime "14:38:37 PDT"]
[Termination "enriquebutti won by resignation"]

1. c4 e6 2. Nf3 d5 3. d4 Nf6 4. Nc3 Be7 5. e3 O-O 6. b3 b6 7. Bb2 Bb7 8. Bd3 dxc4 9. bxc4 c5 10. O-O cxd4 11. exd4 Nc6 12. a3 Rc8 13. Re1 Na5 14. Ne5 Nd7 15. Qh5 g6 16. Nxg6 fxg6 17. Bxg6 Nf6 18.
Qh6 Nxc4 19. Rxe6 hxg6 20. Qxg6+ Kh8 21. Rae1 Rg8 22. Qh6+ Nh7 23. d5 Rxg2+ 24. Kxg2 Bxd5+ 25. Nxd5+ 1-0

[Event "Late-Titled-Tuesday-Blitz-June-18-2024"]
[Site "Chess.com"]
[Date "2024.06.18"]
[Round "4"]
[White "crazy_but_lazy"]
[Black "Matalon"]
[Result "0-1"]
[WhiteElo "2644"]
[BlackElo "2490"]
[TimeControl "180+1"]
[EndTime "14:38:39 PDT"]
[Termination "Matalon won by resignation"]

1. Nf3 Nf6 2. c4 g6 3. e3 Bg7 4. Nc3 d6 5. b3 O-O 6. Bb2 c5 7. d4 cxd4 8. Nxd4 Nc6 9. Be2 Bd7 10. O-O a6 11. Rc1 Rb8 12. Bf3 Qa5 13. Qd2 Rfc8 14. Rfd1 b5 15. cxb5 Nxd4 16. Qxd4 axb5 17. Nd5 Rxc1 18.
Rxc1 Ne8 19. Bc3 Qxa2 20. Qa4 bxa4 0-1

[Event "Late-Titled-Tuesday-Blitz-June-18-2024"]
[Site "Chess.com"]
[Date "2024.06.18"]
[Round "4"]
[White "MYMChessAcademy"]
[Black "vesalhamedinia"]
[Result "0-1"]
[WhiteElo "2212"]
[BlackElo "2480"]
[TimeControl "180+1"]
[EndTime "14:38:41 PDT"]
[Termination "vesalhamedinia won by checkmate"]

1. e4 c5 2. Nf3 Nc6 3. d4 cxd4 4. Nxd4 Nf6 5. Nc3 e5 6. Ndb5 d6 7. Bg5 a6 8. Na3 b5 9. Nd5 Be7 10. Bxf6 Bxf6 11. c3 O-O 12. Nc2 Rb8 13. a4 bxa4 14.
Ncb4 Bd7 15. Bd3 Bg5 16. h4 Bh6 17. Qf3 a5 18. g4 axb4 19. cxb4 Nxb4 20. Nxb4 Rxb4 21.
g5 Bxg5 22. hxg5 Qxg5 23. Qh5 Qxh5 24. Rxh5 Rxb2 25. O-O-O a3 26. Bc4 Rc8 27. Rh3 Bxh3 28. Rd3 Rxc4+ 29. Kd1 Bg4+ 30. f3 Be6 31. Rxa3 h5 32.
Ra8+ Kh7 33. Rd8 Ra4 34. Kc1 Rf2 35. Rxd6 Ra1# 0-1

[Event "Late-Titled-Tuesday-Blitz-June-18-2024"]
[Site "Chess.com"]
[Date "2024.06.18"]
[Round "4"]
[White "XDPS"]
[Black "mishanick"]
[Result "0-1"]
[WhiteElo "2894"]
[BlackElo "3141"]
[TimeControl "180+1"]
[EndTime "14:38:43 PDT"]
[Termination "mishanick won by resignation"]

1. d4 Nf6 2. Nf3 d5 3. Bf4 c5 4. c3 Nc6 5. dxc5 a5 6. e3 e6 7.
Bb5 Bxc5 8. Ne5 Qb6 9. Qb3 O-O 10.
Nd2 Nh5 11. Bxc6 Nxf4 12. Qxb6 Nxg2+ 13. Kf1 Bxb6 14. Bxd5 Nxe3+ 15. fxe3 exd5 16. e4 Re8 17. Nef3 dxe4 18. Nd4 Bh3+ 19. Ke2 Rad8 20. Ke3 f5 21. Nc4 Bc7 22. Rag1 f4+ 23. Ke2 h5 24. Rg5 Bg4+ 25.
Ke1 f3 26. h3 Bg3+ 27. Kf1 e3 0-1

[Event "Late-Titled-Tuesday-Blitz-June-18-2024"]
[Site "Chess.com"]
[Date "2024.06.18"]
[Round "4"]
[White "Patricius007"]
[Black "GMAneta"]
[Result "1-0"]
[WhiteElo "2562"]
[BlackElo "2361"]
[TimeControl "180+1"]
[EndTime "14:38:44 PDT"]
[Termination "Patricius007 won by checkmate"]

1. Nf3 Nf6 2. g3 d5 3. Bg2 g6 4. O-O Bg7 5. d4 O-O 6. c4 dxc4 7. Na3 Nc6 8. Nxc4 Be6 9. Nce5 Bd5 10. e3 a5 11. Bd2 Nxe5 12. Nxe5 Bxg2 13. Kxg2 c6 14. Qf3 Nd7 15. Nxd7 Qxd7 16. Rab1 e6 17. a3 Qd5 18. b4 axb4 19. Bxb4 Rfd8 20. Bc5 Rd7 21. Qxd5 exd5 22. Rb3 Bf8 23. Bxf8 Kxf8 24. Rfb1 b5 25. Rc3 Ra6 26. Kf3 Ke7 27. Kf4 Kd6 28. h4 f6 29. g4 Rda7 30.
Rbb3 Re7 31. f3 Ra4 32. g5 fxg5+ 33. hxg5 Rc4 34. Kg3 Rf7 35. f4 Ke6 36. Kg4 Ra7 37. Rd3 Rc1 38. Rd2 Rg1+ 39. Kf3 Kf5 40. Rc2 Ra6 41.
Rbc3 Rf1+ 42. Ke2 Ra1 43. Rxc6 Rxc6 44. Rxc6 Rxa3 45. Rb6 Rb3 46. Kf3 b4 47. Rf6# 1-0

[Event "Late-Titled-Tuesday-Blitz-June-18-2024"]
[Site "Chess.com"]
[Date "2024.06.18"]
[Round "4"]
[White "AlphaPerseii"]
[Black "SRob2003"]
[Result "0-1"]
[WhiteElo "2421"]
[BlackElo "2702"]
[TimeControl "180+1"]
[EndTime "14:38:49 PDT"]
[Termination "SRob2003 won by resignation"]

1. Nf3 d5 2. b3 c5 3. Bb2 f6 4. e3 e5 5. d4 cxd4 6. exd4 e4 7.
Ng1 Bd6 8. c4 Ne7 9. Nc3 O-O 10.
Nge2 Bg4 11. Qd2 Nbc6 12. Ng3 f5 13. h3 e3 14. Qxe3 f4 15. Qd2 fxg3 16. hxg4 Rxf2 17. Qd3 Ng6 18. O-O-O Nb4 0-1

[Event "Late-Titled-Tuesday-Blitz-June-18-2024"]
[Site "Chess.com"]
[Date "2024.06.18"]
[Round "4"]
[White "ValeriyGrinev"]
[Black "NailBashirli"]
[Result "0-1"]
[WhiteElo "2548"]
[BlackElo "2746"]
[TimeControl "180+1"]
[EndTime "14:38:51 PDT"]
[Termination "NailBashirli won by resignation"]

1. d4 Nf6 2. c4 e6 3. Nf3 Bb4+ 4. Nbd2 O-O 5. g3 b6 6. Bg2 Bb7 7. O-O Bxd2 8. Qxd2 Ne4 9. Qc2 f5 10. b3 d6 11. Bb2 Nd7 12. d5 e5 13. Nh4 g6 14.
Bxe4 fxe4 15. Qxe4 Qg5 16. f4 Qg4 17. Kg2 Rae8 18. h3 Nc5 19. Qxe5 dxe5 20. hxg4 exf4 21. Rae1 fxg3 22. Kxg3 Ne4+ 23. Kg2 c6 24. dxc6 Bxc6 25. Nf3 Nd2 26. Ba3 Nxf3 27. exf3 Rxe1 28. Rxe1 Rxf3 29.
Re8+ Rf8+ 0-1

[Event "Late-Titled-Tuesday-Blitz-June-18-2024"]
[Site "Chess.com"]
[Date "2024.06.18"]
[Round "4"]
[White "Renatoforf"]
[Black "Zampronha1971"]
[Result "1/2-1/2"]
[WhiteElo "2124"]
[BlackElo "2398"]
[TimeControl "180+1"]
[EndTime "14:39:03 PDT"]
[Termination "Game drawn by agreement"]

1. e4 c5 2. Nc3 Nc6 3. Nge2 e6 4. g3 Nf6 5. Bg2 d5 6. exd5 exd5 7. O-O d4 8. Ne4 Nxe4 9. Bxe4 Bh3 10. Re1 Be7 11. d3 Bg4 12. Qd2 O-O 13. Qf4 Be6 14. Bg2 Bd6 15.
Qd2 Re8 16. a3 Qd7 17. Nf4 Bf5 18. Rxe8+ Rxe8 19. Qd1 Bg4 20. f3 Bf5 21. Bd2 Ne5 22. Qf1 b5 23. Re1 c4 24. g4 Bg6 25. Nxg6 hxg6 26.
h3 cxd3 27. cxd3 f6 28. f4 Nf7 29. Rxe8+ Qxe8 30. Qe1 Qxe1+ 31. Bxe1 Bxf4 32. Bc6 Nd6 33. Bb4 Kf7 34. Bxd6 Bxd6 35. Bxb5 Ke6 36. Kg2 Ke5 37.
Kf3 g5 38. Bd7 Bc5 1/2-1/2

[Event "Late-Titled-Tuesday-Blitz-June-18-2024"]
[Site "Chess.com"]
[Date "2024.06.18"]
[Round "4"]
[White "BerlinDrawer"]
[Black "tactic"]
[Result "1-0"]
[WhiteElo "2580"]
[BlackElo "2743"]
[TimeControl "180+1"]
[EndTime "14:39:07 PDT"]
[Termination "BerlinDrawer won by resignation"]

1. e4 d5 2. exd5 c6 3. dxc6 Nxc6 4. Nc3 e5 5. Bb5 Bd6 6. Nf3 Nf6 7. d4 exd4 8. Nxd4 O-O 9. Be3 Ne5 10. h3 a6 11. Be2 b5 12. Nf3 Qc7 13. O-O Bb7 14.
Nxe5 Bxe5 15. Bf3 Bxf3 16. Qxf3 Bxc3 17. bxc3 Qxc3 18. Rad1 Qxc2 19. Bd4 Qe4 20. Qb3 Qf5 21. Rd3 Ne4 22. Qb2 Rfd8 23. Rf3 Qg6 24. Re1 f5 25.
Rxe4 fxe4 26. Rg3 Qf5 27. Rxg7+ Kf8 28. Qb4+ 1-0

[Event "Late-Titled-Tuesday-Blitz-June-18-2024"]
[Site "Chess.com"]
[Date "2024.06.18"]
[Round "4"]
[White "fly_21"]
[Black "ReadySkate"]
[Result "1-0"]
[WhiteElo "2587"]
[BlackElo "2773"]
[TimeControl "180+1"]
[EndTime "14:39:09 PDT"]
[Termination "fly_21 won by resignation"]

1. d4 Nf6 2. c4 g6 3. Nc3 d5 4.
Nf3 Bg7 5. Qb3 dxc4 6. Qxc4 O-O 7. e4 a6 8. e5 b5 9. Qb3 Nfd7 10. e6 fxe6 11. Qxe6+ Kh8 12. Qe4 Ra7 13. Be3 Nf6 14. Qh4 Nd5 15. Ng5 h6 16. Be2 Nxe3 17. fxe3 e5 18.
Nf7+ Rxf7 19. Qxd8+ Rf8 20. Qh4 exd4 21. exd4 Nc6 22. O-O-O b4 23. Na4 Bf5 24. Rhf1 b3 25. axb3 Nb4 26. Nc3 Kh7 27. g4 Bf6 28. Qg3 Bg5+ 29.
Rd2 Re8 30. gxf5 Na2+ 31. Kc2 Nb4+ 32. Kb1 1-0

[Event "Late-Titled-Tuesday-Blitz-June-18-2024"]
[Site "Chess.com"]
[Date "2024.06.18"]
[Round "4"]
[White "pinelone"]
[Black "Roland_Garros_2024"]
[Result "1-0"]
[WhiteElo "2470"]
[BlackElo "2215"]
[TimeControl "180+1"]
[EndTime "14:39:11 PDT"]
[Termination "pinelone won by resignation"]

1. Nf3 c5 2. c3 d5 3. d4 cxd4 4. cxd4 Nc6 5. Nc3 Nf6 6. Bf4 a6 7. e3 Bg4 8. h3 Bxf3 9. Qxf3 e6 10. Bd3 Bd6 11. Bg5 Be7 12. O-O O-O 13. Rfc1 h6 14. Bf4 Bd6 15. Na4 Bxf4 16. Qxf4 Rc8 17. Nc5 Qe7 18. a3 Na5 19. Rc3 Nd7 20. Rac1 Nxc5 21.
Rxc5 Nc6 22. Bxa6 Nxd4 23. Rxc8 1-0

[Event "Late-Titled-Tuesday-Blitz-June-18-2024"]
[Site "Chess.com"]
[Date "2024.06.18"]
[Round "4"]
[White "AlexOstrovskiy"]
[Black "Perecke"]
[Result "1-0"]
[WhiteElo "2724"]
[BlackElo "2538"]
[TimeControl "180+1"]
[EndTime "14:39:16 PDT"]
[Termination "AlexOstrovskiy won by resignation"]

1. e4 e5 2. Nf3 Nc6 3. Bc4 Bc5 4. c3 Nf6 5. d4 exd4 6. cxd4 Bb4+ 7. Nbd2 Nxe4 8. d5 Ne7 9. O-O Nxd2 10. Nxd2 d6 11. Qa4+ Bd7 12. Qxb4 O-O 13. b3 b6 14. a4 a6 15. Bb2 b5 16. axb5 axb5 17. Bxb5 Rxa1 18.
Bxa1 Nxd5 19. Qd4 Nf6 20. Bxd7 Qxd7 21. Ne4 Qe6 22. Nxf6+ Qxf6 23. Qxf6 gxf6 24. Bxf6 Rb8 25. Rb1 c5 26. Kf1 d5 27. Rc1 Rb5 28. Be7 Rxb3 29. Bxc5 Kg7 30. Bd4+ Kg6 31. Rc3 Rb7 32. Ke2 Kf5 33. Kf3 Rd7 34. g4+ Kg6 35. Rc6+ Kg5 36. Kg3 f6 37. Rxf6 1-0

[Event "Late-Titled-Tuesday-Blitz-June-18-2024"]
[Site "Chess.com"]
[Date "2024.06.18"]
[Round "4"]
[White "karinachess1"]
[Black "sudtirolese06"]
[Result "1-0"]
[WhiteElo "2659"]
[BlackElo "2467"]
[TimeControl "180+1"]
[EndTime "14:39:16 PDT"]
[Termination "karinachess1 won by checkmate"]

1. d4 g6 2. Nf3 Bg7 3. g3 d6 4. Bg2 Nf6 5. O-O O-O 6. b3 Ne4 7. Bb2 Bf5 8. c4 Nd7 9. Nh4 c6 10. Nxf5 gxf5 11. f3 Nef6 12. e4 fxe4 13. fxe4 e5 14. d5 c5 15. Bc1 Ne8 16. Qh5 Ndf6 17. Qh4 Qe7 18. Bg5 Qd7 19. Bh3 Qc7 20. Bxf6 Nxf6 21. Rxf6 Bxf6 22. Qxf6 Qa5 23. Qg5+ Kh8 24. Nd2 f6 25. Qe3 b5 26. Bf5 a6 27. Rf1 Qc7 28. Qh6 Qg7 29. Qh5 Rab8 30. Rc1 Rb7 31.
Nf3 Qe7 32. Nh4 Rg8 33. Ng6+ Rxg6 34. Bxg6 bxc4 35. Rxc4 Qf8 36. Bf5 Rg7 37. Ra4 Rg5 38.
Qxh7# 1-0

[Event "Late-Titled-Tuesday-Blitz-June-18-2024"]
[Site "Chess.com"]
[Date "2024.06.18"]
[Round "4"]
[White "miraitrunks"]
[Black "jcmesafischer"]
[Result "0-1"]
[WhiteElo "2168"]
[BlackElo "2364"]
[TimeControl "180+1"]
[EndTime "14:39:18 PDT"]
[Termination "jcmesafischer won by resignation"]

1. d4 Nf6 2. Nf3 d5 3. Bf4 c5 4.
c3 Nc6 5. e3 Qb6 6. Qb3 c4 7.
Qxb6 axb6 8. Na3 Ra5 9. Bc7 Nd7 10. Nd2 e6 11. Nc2 Ra6 12. e4 b5 13. exd5 exd5 14. Be2 b4 15. O-O Nf6 16. Bf3 Be6 17. Rfe1 Kd7 18.
Bf4 Be7 19. a3 bxc3 20. bxc3 Rha8 21. Reb1 Kc8 22. Nb4 Nxb4 23. cxb4 Rxa3 24. Rxa3 Rxa3 25. b5 Kd7 26. b6 c3 27. Nc4 dxc4 28. Bxb7 c2 29.
Re1 Rb3 30. Bc7 Rb1 0-1

[Event "Late-Titled-Tuesday-Blitz-June-18-2024"]
[Site "Chess.com"]
[Date "2024.06.18"]
[Round "4"]
[White "aexmi"]
[Black "10n0l20"]
[Result "0-1"]
[WhiteElo "2283"]
[BlackElo "2476"]
[TimeControl "180+1"]
[EndTime "14:39:19 PDT"]
[Termination "10n0l20 won by resignation"]

1. d4 c5 2. d5 g6 3. c4 Bg7 4. Nf3 f5 5. g3 d6 6. Bg2 Qa5+ 7.
Nbd2 Qa6 8. O-O Nd7 9. a4 Ngf6 10. Qc2 O-O 11. e4 fxe4 12. Nxe4 Nxe4 13. Qxe4 Nf6 14. Qe2 Nxd5 15. Bg5 h6 16. Bd2 Bg4 17. h3 Bxf3 18. Bxf3 Nb6 19. Qxe7 Rxf3 20. Qxd6 Kh7 21. Kg2 Rf6 22. Qe7 Qxc4 23. Bc3 Rf7 0-1

[Event "Late-Titled-Tuesday-Blitz-June-18-2024"]
[Site "Chess.com"]
[Date "2024.06.18"]
[Round "4"]
[White "dianamirza"]
[Black "KebabJangles"]
[Result "0-1"]
[WhiteElo "1781"]
[BlackElo "2290"]
[TimeControl "180+1"]
[EndTime "14:39:22 PDT"]
[Termination "KebabJangles won by resignation"]

1. e4 c5 2. Nf3 e6 3. d4 cxd4 4. Nxd4 a6 5. Nc3 b5 6. a3 Bb7 7.
f3 Bc5 8. Be3 d6 9. Be2 Nf6 10.
O-O O-O 11. Qd2 Nc6 12. Rad1 Qc7 13. Kh1 Rfd8 14. Nxc6 Bxc6 15. Bxc5 dxc5 16. Qg5 Qe7 17. e5 Nd5 18. Qxe7 Nxe7 19. Rxd8+ Rxd8 20. Rd1 Rxd1+ 21. Bxd1 Ng6 22. Kg1 Nxe5 23. Kf2 Nc4 24. Ne4 Bxe4 25.
fxe4 Nxb2 26. Bf3 Nc4 27. a4 bxa4 28. Be2 Nb6 29. Bxa6 a3 0-1

[Event "Late-Titled-Tuesday-Blitz-June-18-2024"]
[Site "Chess.com"]
[Date "2024.06.18"]
[Round "4"]
[White "Andrei_Skvortsov"]
[Black "Gangster-accountant01"]
[Result "1-0"]
[WhiteElo "2775"]
[BlackElo "2565"]
[TimeControl "180+1"]
[EndTime "14:39:30 PDT"]
[Termination "Andrei_Skvortsov won by resignation"]

1. e4 e5 2. d4 exd4 3. Qxd4 Nc6 4. Qd3 Nf6 5. Nc3 Bb4 6. Bd2 O-O 7. O-O-O Re8 8.
Nge2 Ne5 9. Qg3 d6 10. Bg5 Neg4 11. f3 h6 12. Bd2 Nh5 13. Qe1 Ne5 14. Nd4 c5 15. Nb3 Be6 16. Be3 Bxb3 17. axb3 a6 18.
Qf2 Qa5 19. Kb1 Rad8 20. Nd5 f5 21. c3 fxe4 22. cxb4 cxb4 23. Bb6 e3 24. Qxe3 Nc4 25. Bxc4 Rxe3 26. Bxa5 Re5 27. Bxd8 1-0

[Event "Late-Titled-Tuesday-Blitz-June-18-2024"]
[Site "Chess.com"]
[Date "2024.06.18"]
[Round "4"]
[White "Rochachade"]
[Black "Heliosis11"]
[Result "1-0"]
[WhiteElo "2206"]
[BlackElo "2440"]
[TimeControl "180+1"]
[EndTime "14:39:30 PDT"]
[Termination "Rochachade won by resignation"]

1. e4 e5 2. Nf3 Nc6 3. d4 exd4 4.
Nxd4 Bc5 5. Nb3 Bb6 6. Qe2 a5 7.
Be3 Bxe3 8. Qxe3 d6 9. Nc3 Nf6 10. Bb5 O-O 11. f3 Be6 12. O-O-O Qe7 13. g4 Ne5 14. g5 Nfd7 15. Bxd7 Bxd7 16. Nd5 Qd8 17. f4 Nc4 18. Qd4 b5 19. f5 a4 20.
Nd2 c5 21. Qf2 a3 22. b3 Nxd2 23.
Rxd2 c4 24. f6 cxb3 25. Ne7+ Qxe7 26. fxe7 bxa2 27. exf8=Q+ Rxf8 28. Qd4 1-0

[Event "Late-Titled-Tuesday-Blitz-June-18-2024"]
[Site "Chess.com"]
[Date "2024.06.18"]
[Round "4"]
[White "noblerone"]
[Black "cthake"]
[Result "1-0"]
[WhiteElo "2532"]
[BlackElo "1840"]
[TimeControl "180+1"]
[EndTime "14:39:30 PDT"]
[Termination "noblerone won by resignation"]

1. d4 Nf6 2. Nf3 g6 3. c4 d5 4. Nc3 Bg7 5. Bg5 dxc4 6. e3 O-O 7. Bxc4 Bg4 8. O-O c6 9. a4 Nbd7 10. h3 Bxf3 11. Qxf3 Nb6 12. Bb3 Nbd5 13. a5 a6 14. Rfd1 Nxc3 15. bxc3 Qc7 16. Bf4 Qc8 17. e4 e6 18. Be5 Nd7 19. Bd6 Re8 20. e5 Bf8 21. c4 Bxd6 22. exd6 Qd8 23. c5 Qf6 24. Qxf6 Nxf6 25.
Bc4 Nd5 26. Bxd5 exd5 27. Rab1 Rab8 28. Rb2 Re4 29. f3 Re3 30. Rdb1 Rd3 31. Rxb7 Rd8 32. Rb8 Rxb8 33. Rxb8+ Kg7 34. d7 1-0

[Event "Late-Titled-Tuesday-Blitz-June-18-2024"]
[Site "Chess.com"]
[Date "2024.06.18"]
[Round "4"]
[White "Defenstrator"]
[Black "the"]
[Result "1/2-1/2"]
[WhiteElo "2401"]
[BlackElo "2598"]
[TimeControl "180+1"]
[EndTime "14:39:35 PDT"]
[Termination "Game drawn by agreement"]

1. e4 c6 2. Nc3 d5 3. Nf3 dxe4 4. Nxe4 Nf6 5. Qe2 Nxe4 6. Qxe4 Nd7 7. Bc4 Nf6 8. Ne5 e6 9. Qe2 b5 10. Nxc6 Qb6 11. Bd3 Bb7 12. Ne5 a6 13. O-O Bd6 14. a4 Nd5 15. axb5 Nf4 16. Qe3 Qxe3 17. fxe3 Bxe5 18. exf4 Bd4+ 19. Kh1 axb5 20. Rxa8+ Bxa8 21. Bxb5+ Ke7 22. c3 Rb8 23. Be2 Ba7 24. Bf3 Bxf3 25.
Rxf3 Bc5 26. d4 Bd6 27. f5 e5 28. h3 Ra8 29. dxe5 Bxe5 30. Bf4 Bf6 31. g4 1/2-1/2

[Event "Late-Titled-Tuesday-Blitz-June-18-2024"]
[Site "Chess.com"]
[Date "2024.06.18"]
[Round "4"]
[White "ChEsper99"]
[Black "xakevicius91"]
[Result "0-1"]
[WhiteElo "2257"]
[BlackElo "2630"]
[TimeControl "180+1"]
[EndTime "14:39:39 PDT"]
[Termination "xakevicius91 won by resignation"]

1. e4 c5 2. c3 Nf6 3. e5 Nd5 4.
d4 cxd4 5. cxd4 d6 6. Nf3 e6 7. Bc4 Be7 8. O-O O-O 9. Qe2 b6 10. Rd1 Bb7 11. Bxd5 exd5 12. Nc3 Na6 13. Bf4 Nc7 14.
Rac1 Qd7 15. exd6 Bxd6 16. Bxd6 Qxd6 17. Re1 Ne6 18. Qe5 Qb4 19. Nxd5 Bxd5 20. Qxd5 Qxb2 21. Qb3 Qxb3 22. axb3 Rad8 23. Red1 Rd6 24. Kf1 Rfd8 25. g3 g6 26. Rc4 Kg7 27. Ke2 b5 28. Rc2 a6 29. Ra2 Nc7 30. Rad2 Nd5 31. Ne1 Nc3+ 0-1

[Event "Late-Titled-Tuesday-Blitz-June-18-2024"]
[Site "Chess.com"]
[Date "2024.06.18"]
[Round "4"]
[White "Inepton_Fermion"]
[Black "Arteler"]
[Result "0-1"]
[WhiteElo "2399"]
[BlackElo "2210"]
[TimeControl "180+1"]
[EndTime "14:39:40 PDT"]
[Termination "Arteler won by resignation"]

1. Nf3 Nf6 2. b3 g6 3. Bb2 Bg7 4. g3 b6 5. Bg2 Bb7 6. O-O O-O 7. c4 c5 8. d4 cxd4 9. Qxd4 Nc6 10. Qd2 d5 11.
cxd5 Qxd5 12. Qc1 Rac8 13. Nc3 Qe6 14. Ng5 Qg4 15. Bh3 Qh5 16. Bxc8 Rxc8 17. Nf3 Ng4 18. Qg5 Qxg5 19. Nxg5 Nd4 20. e3 Rxc3 21. exd4 Rc2 22. Ba3 Bxd4 23. Rad1 Nxf2 24. Rxd4 Nh3+ 25. Nxh3 Rg2+ 26.
Kh1 Rxg3+ 0-1

[Event "Late-Titled-Tuesday-Blitz-June-18-2024"]
[Site "Chess.com"]
[Date "2024.06.18"]
[Round "4"]
[White "HalfIsCrayfish"]
[Black "PhileKhoob"]
[Result "1-0"]
[WhiteElo "2561"]
[BlackElo "2359"]
[TimeControl "180+1"]
[EndTime "14:39:42 PDT"]
[Termination "HalfIsCrayfish won by resignation"]

1. d4 d5 2. c4 c6 3. Nf3 Nf6 4.
e3 e6 5. b3 Nbd7 6. Bd3 Bb4+ 7. Nbd2 O-O 8. O-O Re8 9. Bb2 Bd6 10. e4 dxe4 11. Nxe4 Nxe4 12. Bxe4 Nf6 13. Bc2 b6 14. Qd3 Bb7 15. Ng5 h6 16. Ne4 Be7 17. Nxf6+ Bxf6 18. Qh7+ Kf8 19. Ba3+ c5 20. dxc5 g6 21. c6+ Re7 22. cxb7 Rb8 23. Rad1 Qe8 24. Qxh6+ Bg7 25. Qh4 Rxb7 26. Bxe7+ Rxe7 27. Rfe1 Rd7 28. Rxd7 Qxd7 29. Rd1 1-0

[Event "Late-Titled-Tuesday-Blitz-June-18-2024"]
[Site "Chess.com"]
[Date "2024.06.18"]
[Round "4"]
[White "CrimeFightingSpider07"]
[Black "lluiss"]
[Result "1-0"]
[WhiteElo "2518"]
[BlackElo "2274"]
[TimeControl "180+1"]
[EndTime "14:39:47 PDT"]
[Termination "CrimeFightingSpider07 won by resignation"]

1. d4 Nf6 2. c4 g6 3. Nf3 Bg7 4. g3 O-O 5. Bg2 c6 6. O-O d5 7.
Nbd2 Bf5 8. b3 Ne4 9. Bb2 Nxd2 10. Qxd2 Be4 11. Rfd1 Nd7 12. Ne5 Bxg2 13. Nxd7 Qxd7 14. Kxg2 Qe6 15. Rac1 Rfd8 16. cxd5 Qxd5+ 17. f3 f5 18. Qd3 e6 19. e4 fxe4 20. fxe4 Qa5 21. Qc4 Re8 22. a4 Rad8 23. Bc3 Qb6 24. d5 exd5 25.
exd5 cxd5 26. Rxd5 Re2+ 27. Qxe2 Rxd5 28. Bxg7 Kxg7 29.
Qe7+ Kh6 30. Qf8+ Kg5 31. Qf4+ 1-0

[Event "Late-Titled-Tuesday-Blitz-June-18-2024"]
[Site "Chess.com"]
[Date "2024.06.18"]
[Round "4"]
[White "PNEPaul"]
[Black "AsaHoffmann"]
[Result "0-1"]
[WhiteElo "1977"]
[BlackElo "2350"]
[TimeControl "180+1"]
[EndTime "14:39:51 PDT"]
[Termination "AsaHoffmann won by resignation"]

1. e4 d6 2. Nc3 c6 3. g3 g6 4. Bg2 Bg7 5. Nge2 Nf6 6. h3 O-O 7. O-O e5 8. d3 Be6 9. Be3 Qd7 10. Kh2 d5 11. Bd2 d4 12. Nb1 c5 13. f4 Nc6 14.
g4 exf4 15. Nxf4 Ne5 16. Nxe6 fxe6 17. Bf4 Nc6 18. Qd2 Rf7 19. Na3 Raf8 20. Bh6 Qd6+ 21.
Kg1 e5 22. Bxg7 Kxg7 23. Nc4 Qe6 24. Qe2 b5 25. Nd2 h6 26. Rae1 Nh7 27. Rxf7+ Rxf7 28. Nf3 Qxa2 29. b3 Qb2 30. Rf1 a5 31. Rf2 a4 32.
Kh2 a3 33. Qd1 a2 34. Rf1 Nb4 0-1